 Dungeon Crawl Stone Soup version 0.22-a0-305-gd21a89c538 (webtiles) character file.

567 Manul the Shield-Bearer (level 7, 0/52 HPs)
             Began as a Demonspawn Fighter on Mar 30, 2018.
             Blown up by Ijyb (21 damage)
             ... with a wand of disintegration (20)
             ... on level 4 of the Dungeon.
             The game lasted 00:03:43 (3709 turns).

Manul the Shield-Bearer (Demonspawn Fighter)        Turns: 3709, Time: 00:03:43

Health: 0/52       AC:  9    Str: 19    XL:     7   Next: 11%
Magic:  7/7        EV:  9    Int:  7    God:
Gold:   136        SH: 10    Dex: 14    Spells: 6/6 levels left

rFire    . . .     SeeInvis .     - Unarmed
rCold    . . .     Gourm    .   b - +0 shield
rNeg     . . .     Faith    .   p - +4 ring mail
rPois    .         Spirit   .   (no helmet)
rElec    .         Reflect  .   (no cloak)
rCorr    .         Harm     .   (no gloves)
MR       .....                  (no boots)
Stlth    +.........             (no amulet)
HPRegen  0.17/turn              m - -2 ring of intelligence
MPRegen  0.10/turn              j - ring of flight

@: no status effects
A: hooves 2, thin skeletal structure 1, powered by death 1
a: Evoke Flight


You were on level 4 of the Dungeon.
You were not hungry.

You visited 1 branch of the dungeon, and saw 4 of its levels.

You collected 136 gold pieces.

Inventory:

Missiles
 f - a throwing net (quivered)
Armour
 a - a +0 scale mail
 b - a +0 shield (worn)
 p - a +4 ring mail (worn)
Jewellery
 j - a ring of flight (right hand)
 m - a -2 ring of intelligence (left hand)
Scrolls
 e - a scroll of identify {unknown}
 g - a scroll of magic mapping {unknown}
Potions
 c - a potion of curing {unknown}
 r - a potion of haste
Comestibles
 d - 5 rations


   Skills:
 + Level 3.4 Fighting
 + Level 4.1 Armour
 + Level 1.9 Dodging
 + Level 1.2 Stealth
 + Level 4.5 Shields
 + Level 4.2 Unarmed Combat


You had 6 spell levels left.
You didn't know any spells.

Dungeon Overview and Level Annotations

Branches:
Dungeon (4/15)
 Temple: D:4-7

Altars:

Annotations:
D:4 Deemzul's ghost, amateur NaFi; Ijyb


Innate Abilities, Weirdness & Mutations

You have hoof-like feet.
You have a somewhat thin skeletal structure. (Dex +2, Stealth)
You regenerate a little health from kills.


Message History

You hit Deemzul's ghost but do no damage.
You kick Deemzul's ghost.
Deemzul's ghost is moderately damaged.
Deemzul's ghost whispers, "They're coming for you..."
Deemzul's ghost hits you!
You are too injured to fight recklessly!
You are too injured to fight recklessly!
You are too injured to fight recklessly!
You are too injured to fight recklessly!
You are too injured to fight recklessly!
You are too injured to fight recklessly!
You are too injured to fight recklessly!
You are too injured to fight recklessly!
Deemzul's ghost hits you but does no damage.
Ijyb the Twisted Goblin comes into view.
You see here a dagger.
Ijyb shouts!
Ijyb drinks a potion.
Ijyb suddenly seems more agile.
Ijyb zaps a wand.
You are blasted!
You die...

##..# .##... ....# .#
. ...### #.##. ..
#..g.###..#..# #.
##............# #.
##.............#
#.####.@............#
#..o)o###...........
#..##.W#####..)...#
... ##..# ##....## .
##.## ##..## .
#..#####..## #.
#...<##....#.. #..
##..#........... #.#
#..#...#####.....


You could see Ijyb and 2 orc wizards.

Vanquished Creatures
  A hornet (D:3)
  An orc priest (D:3)
  2 orc wizards (D:3)
  Natasha (thrice) (D:3)
  Terence (D:2)
  4 gnolls (D:2)
  5 adders
  An ooze (D:1)
  A worm (D:3)
  4 dart slugs
  A leopard gecko (D:1)
  14 orcs
  5 bats
  3 giant cockroaches
  2 goblins (D:3)
  2 hobgoblins
  5 jackals
  11 kobolds
  8 frilled lizards
  3 rats
77 creatures vanquished.

Notes
Turn   | Place    | Note
-------+----------+-------------------------------------------
     0 | D:1      | Manul the Demonspawn Fighter began the quest for the Orb.
     0 | D:1      | Reached XP level 1. HP: 18/18 MP: 1/1
   244 | D:1      | Gained mutation: You have a somewhat thin skeletal structure. (Dex +2, Stealth) [demonic ancestry]
   244 | D:1      | Reached XP level 2. HP: 22/24 MP: 2/2
   762 | D:2      | Reached XP level 3. HP: 20/29 MP: 3/3
  1352 | D:2      | Gained mutation: You have large cloven feet. [demonic ancestry]
  1352 | D:2      | Reached XP level 4. HP: 33/35 MP: 4/4
  1663 | D:2      | Noticed Terence
  1671 | D:2      | Killed Terence
  1871 | D:2      | Reached XP level 5. HP: 41/41 MP: 5/5
  2026 | D:3      | Noticed Natasha
  2034 | D:3      | Killed Natasha
  2749 | D:3      | Noticed a hornet
  2763 | D:3      | Paralysed by a hornet for 2 turns
  2767 | D:3      | HP: 3/61 [poisoned by a hornet]
  2779 | D:3      | Killed a hornet
  2779 | D:3      | Reached skill level 1 in Dodging
  2779 | D:3      | Gained mutation: You have hoof-like feet. [demonic ancestry]
  2779 | D:3      | Reached XP level 6. HP: 31/47 MP: 6/6
  3101 | D:3      | Noticed Natasha
  3106 | D:3      | Killed Natasha
  3119 | D:3      | Reached skill level 1 in Stealth
  3119 | D:3      | Gained mutation: You regenerate a little health from kills. [demonic ancestry]
  3119 | D:3      | Reached XP level 7. HP: 25/52 MP: 7/7
  3478 | D:3      | Noticed Natasha
  3481 | D:3      | Killed Natasha
  3687 | D:4      | Noticed Deemzul's ghost (amateur NaFi)
  3707 | D:4      | Noticed Ijyb
  3709 | D:4      | Blown up by Ijyb

Vault maps used:
D:1:      matt_arrival_refuge
D:2:      grunt_ministairs_12, uniq_terence
D:3:      lemuel_upstairs_altar, uniq_natasha
D:4:      nicolae_overflow_hidden_temple, serial_shops, shop, first_ration,
          uniq_ijyb

Skill      XL: |  1  2  3  4  5  6 |
---------------+-------------------+-----
Armour         | 3 4 |  4.1
Shields        | 3 4 |  4.5
Unarmed Combat | 2 3 4 |  4.2
Dodging        | 1 |  1.9
Stealth        | 1 |  1.2
Fighting       | |  3.4

Action                   |  1- 3 |  4- 6 |  7- 9 || total
-------------------------+-------+-------+-------++-------
Melee: Unarmed           |   149 |   137 |    43 ||   329
       Kick              |       |    49 |    17 ||    66
  Use: Potion            |       |    10 |       ||    10
       Scroll            |       |     1 |       ||     1
 Stab: Invisible         |       |     2 |       ||     2
       Sleeping          |       |       |     1 ||     1
  Eat: Chunk             |     2 |     4 |     3 ||     9
Armor: Scale mail        |    63 |     9 |       ||    72
       Ring mail         |       |    40 |    11 ||    51
       Skin              |       |    12 |       ||    12
Dodge: Dodged            |    42 |    41 |    17 ||   100
Block: Shield            |    63 |    73 |    13 ||   149

Table legend:
 A = Spawn XP
 B = Non-spawn XP
 C = Spawn XP percentage of total XP
 D = Spawn monster count
 E = Non-spawn monster count
 F = Spawn count percentage of total count
 G = Total turns spent on level
                    A         B        C        D         E        F      G
               +---------+---------+-------+---------+---------+-------+---------
         Total |       0 |     811 |   0.0 |       0 |      77 |   0.0 |  3709
               +---------+---------+-------+---------+---------+-------+---------
           D:1 |       0 |      36 |   0.0 |       0 |      18 |   0.0 |   766
           D:2 |       0 |     162 |   0.0 |       0 |      18 |   0.0 |  1209
           D:3 |       0 |     593 |   0.0 |       0 |      37 |   0.0 |  1676
           D:4 |       0 |      20 |   0.0 |       0 |       4 |   0.0 |    58
               +---------+---------+-------+---------+---------+-------+---------
